 Dungeon Crawl Stone Soup version 0.28-a0-863-g8cecda6153 (webtiles) character file.

Game seed: 8855016487478437853

2835 Peloso the Carver (level 9, -7/79 HPs)
             Began as a Minotaur Fighter on Nov 18, 2021.
             Mangled by an orc warrior (21 damage)
             ... on level 9 of the Dungeon.
             The game lasted 00:11:39 (6069 turns).

Peloso the Carver (Minotaur Fighter)                Turns: 6069, Time: 00:11:40

Health: -7/79      AC: 12    Str: 23    XL:     9   Next: 45%
Magic:  8/8        EV:  9    Int:  5    God:
Gold:   235        SH:  5    Dex: 11    Spells: 8/8 levels left

rFire   . . .      SeeInvis .   a - +0 long sword
rCold   . . .      Faith    .   c - +0 buckler
rNeg    . . .      Spirit   .   d - +0 chain mail
rPois   .          Reflect  .   (helmet restricted)
rElec   .          Harm     .   (no cloak)
rCorr   .          Rampage  .   (no gloves)
Will    .....                   k - +0 pair of boots
Stlth   ..........              (no amulet)
HPRegen 0.23/turn               j - ring of flight
MPRegen 0.11/turn               (no ring)

@: flying
A: horns 2, retaliatory headbutt
a: no special abilities


You were on level 9 of the Dungeon.
You visited 1 branch of the dungeon, and saw 7 of its levels.
You also visited: Sewer.

You collected 235 gold pieces.

Inventory:

Hand Weapons
 a - a +0 long sword (weapon)
 f - the +5 shortbow of Fundamental Breach {vorpal, +Blink rPois Int+4}
   (You took it off a gnoll on level 6 of the Dungeon)

   Any ammunition fired from it inflicts extra damage upon your enemies.
   Int:       It affects your intelligence (+4).
   rPois:     It protects you from poison.
   +Blink:    It lets you blink.
Armour
 b - a +1 scale mail
 c - a +0 buckler (worn)
 d - a +0 chain mail (worn)
 k - a +0 pair of boots (worn)
Jewellery
 j - a ring of flight (left hand)
 r - a ring of see invisible
Wands
 n - a wand of polymorph (11)
 o - a wand of mindburst (19)
 t - a wand of flame (6)
Scrolls
 e - a scroll of identify
 g - 3 scrolls of teleportation
 i - 2 scrolls of immolation
 q - a scroll of brand weapon
 s - a scroll of fear {unknown}
Potions
 h - a potion of resistance
 l - 3 potions of curing
 m - a potion of invisibility
 p - a potion of haste
 u - a potion of flight {unknown}


   Skills:
 + Level 7.3 Fighting
 + Level 10.2 Long Blades
 + Level 9.5 Armour
 + Level 3.0 Dodging
 + Level 0.1 Stealth
 + Level 5.5 Shields


You had 8 spell levels left.
You didn't know any spells.
Your spell library contained the following spells:

 Spells                   Type           Power      Damage    Failure   Level
 Corpse Rot               Necr/Air       0%         N/A       99%         2
 Poisonous Vapours        Pois/Air       0%         N/A       99%         2
 Passage of Golubria      Tloc           0%         N/A       100%        4
 Silence                  Hex/Air        0%         N/A       100%        5
 Lehudib's Crystal Spear  Conj/Erth      0%         10d2      100%        8


Dungeon Overview and Level Annotations

Branches:
Dungeon (6/15)              Sewer (visited)
 Temple: D:4-7

Altars:

Shops:
D:1 [

Annotations:
D:2 Sigmund


Innate Abilities, Weirdness & Mutations

You have a pair of horns on your head.
You reflexively headbutt those who attack you in melee.


Message History

The orc warrior hits you from afar with a +0 halberd.
You barely miss the orc. The orc hits you but does no damage.
The orc warrior hits you from afar with a +0 halberd.
Unknown command.
You hit the orc.
The orc is severely wounded.
The orc hits you with a +2 short sword of flaming.
The orc burns you.
The orc warrior hits you from afar with a +0 halberd.
Unknown command.
You slash the orc!
You kill the orc!
The orc warrior hits you but does no damage.
Unknown command.
The orc warrior hits you with a +0 halberd!
You barely miss the orc warrior.
The orc warrior hits you with a +0 halberd.
You hit the orc warrior but do no damage.
The orc hits you but does no damage.
You see here a +2 short sword of flaming.
You slash the orc!
You kill the orc!
The orc warrior hits you with a +0 halberd!
* * * LOW HITPOINT WARNING * * *
Unknown command.
You closely miss the orc warrior.
The orc warrior hits you with a +0 halberd.
* * * LOW HITPOINT WARNING * * *
You feel better. You block the orc warrior's attack.
You barely miss the orc warrior. You block the orc warrior's attack.
Unknown command.
You hit the orc warrior but do no damage.
Your headbutt misses the orc warrior.
The orc warrior hits you with a +0 halberd!
* * * LOW HITPOINT WARNING * * *
Unknown command.
You slash the orc warrior!
The orc warrior is moderately wounded.
The orc warrior hits you with a +0 halberd!!
You die...

. .. . ... ..
.... ... .....
.... ####......
..... ##o@)......
......#..##.(....
........## #####
......### #####


You could see an orc warrior.

Vanquished Creatures
  Pikel (D:6)
  Grinder (D:5)
  4 yaks (D:6)
  Edmund (D:5)
  A water moccasin (D:6)
  An orc warrior (D:4)
  A hornet zombie (D:6)
  Pargi (Sewer)
  3 ogres
  A lemure (D:6)
  Blork the orc (D:5)
  A gnoll sergeant (D:6)
  2 scorpions (D:5)
  A wyvern skeleton (D:6)
  2 howler monkeys
  A bullfrog zombie (D:6)
  2 hounds
  A gnoll shaman (D:6)
  An orc priest (D:4)
  2 bullfrog skeletons (D:5)
  2 iguanas
  A hound skeleton (D:4)
  3 gnolls (D:6)
  9 adders
  2 river rats (D:4)
  An adder zombie (D:5)
  An adder skeleton (D:4)
  A dart slug (D:1)
  13 orcs
  9 ball pythons
  3 bats
  7 endoplasms
  3 giant cockroaches (D:1)
  4 goblins
  7 hobgoblins
  2 jackals (Sewer)
  2 quokkas
  2 frilled lizards
  10 kobolds
  5 rats
116 creatures vanquished.

Vanquished Creatures (others)
  8 plants (D:6)
8 creatures vanquished.

Grand Total: 124 creatures vanquished

Notes
Turn   | Place    | Note
-------+----------+-------------------------------------------
     0 | D:1      | Peloso the Minotaur Fighter began the quest for the Orb.
     0 | D:1      | Reached XP level 1. HP: 19/19 MP: 0/0
    64 | D:1      | Reached XP level 2. HP: 13/27 MP: 1/1
   460 | D:1      | Found a faded altar of an unknown god.
   677 | D:1      | Found Paze Zih's Antique Armour Boutique.
   695 | D:1      | Reached skill level 3 in Long Blades
   695 | D:1      | Reached XP level 3. HP: 32/33 MP: 2/2
  1148 | D:2      | Noticed Sigmund
  1423 | D:3      | Reached XP level 4. HP: 16/40 MP: 3/3
  2152 | D:4      | Reached skill level 5 in Armour
  2176 | D:4      | Reached skill level 1 in Dodging
  2181 | D:4      | Reached skill level 4 in Long Blades
  2181 | D:4      | Reached XP level 5. HP: 42/46 MP: 4/4
  2338 | D:4      | Noticed an orc warrior
  2356 | D:4      | Killed an orc warrior
  2357 | D:4      | Reached skill level 5 in Long Blades
  2357 | D:4      | Reached XP level 6. HP: 33/52 MP: 5/5
  2386 | D:4      | Found a glowing drain.
  2402 | Sewer    | Entered a sewer
  2582 | Sewer    | Noticed Pargi
  2602 | Sewer    | Killed Pargi
  2630 | Sewer    | Identified the +1 robe "Zauguda" {SInv}
  2862 | D:4      | Reached skill level 6 in Long Blades
  3055 | D:5      | Entered Level 5 of the Dungeon
  3056 | D:5      | Noticed Grinder
  3078 | D:4      | Reached XP level 7. HP: 60/60 MP: 6/6
  3194 | D:5      | Noticed Blork the orc
  3455 | D:5      | Reached skill level 5 in Fighting
  3455 | D:5      | Reached skill level 7 in Long Blades
  3486 | D:5      | Paralysed by Grinder for 3 turns
  3490 | D:5      | Killed Grinder
  3593 | D:5      | Killed Blork the orc
  3594 | D:5      | Reached skill level 8 in Long Blades
  3630 | D:5      | Noticed Edmund
  3648 | D:5      | Killed Edmund
  3649 | D:5      | Reached XP level 8. HP: 11/63 MP: 7/7
  5014 | D:6      | Reached skill level 5 in Shields
  5114 | D:6      | Reached skill level 9 in Long Blades
  5249 | D:6      | Identified the +5 shortbow of Fundamental Breach {vorpal,
                  | +Blink rPois Int+4}
  5360 | D:6      | Noticed Pikel
  5379 | D:6      | Killed Pikel
  5380 | D:6      | Reached XP level 9. HP: 66/78 MP: 8/8
  5573 | D:6      | Reached skill level 10 in Long Blades
  6047 | D:6      | You are sucked into a shaft and drop 3 floors!
  6069 | D:9      | Mangled by an orc warrior

Illustrated notes

Levels and vault maps discovered:
D:1:      scummos_arrival_simple_fountains, layout_basic,
          shapermc_ecumenical_altar_venn, serial_shops,
          nicolae_shop_temple_entry_statues_fountains
D:2:      layout_basic, serial_co_window_serial, co_window_of_opportunity_a,
          co_window_corner_a, co_window_paths_a, co_window_paths_a,
          co_window_paths_a, co_window_paths_c, co_window_broadway_a,
          co_window_corner_cb, co_window_broadway_b, co_window_cross_4,
          co_window_4corner_b, glass_columns_a, basic_altar, uniq_sigmund
D:3:      layout_rooms
D:4:      layout_basic, portal_sewer_entry_a
D:5:      nicolae_BIG_FREAKIN_CUBE, layout_loops_ring, chequers_big_river,
          grunt_ministairs_13, uniq_grinder, uniq_edmund, uniq_blork_the_orc
D:6:      nicolae_cairo_tiling_very_big, layout_loops_ring,
          nicolae_grassy_gnolls, uniq_pikel
D:9:      layout_roguey, mainiacjoe_overflow_tiny_flanked,
          general_overflow_altar, zombieorc2_lemuel, enter_bailey_3

Skill      XL: |  1  2  3  4  5  6  7  8  9 |
---------------+----------------------------+-----
Armour         | 4 5 6 8 9 |  9.5
Shields        | 4 5 |  5.5
Long Blades    | 3 4 5 6 8 9 10 | 10.2
Fighting       | 4 5 6 7 |  7.3
Dodging        | 1 2 3 |  3.0
Stealth        | |  0.1

Action                   |  1- 3 |  4- 6 |  7- 9 || total
-------------------------+-------+-------+-------++-------
Melee: Long sword        |    90 |   106 |   196 ||   392
       Headbutt          |     5 |    23 |    44 ||    72
  Use: Scroll            |     1 |     6 |     6 ||    13
       Potion            |       |     1 |     3 ||     4
Armor: Scale mail        |    52 |    26 |       ||    78
       Chain mail        |       |    27 |    71 ||    98
Dodge: Dodged            |    38 |    54 |    62 ||   154
Block: Buckler           |    22 |    18 |    37 ||    77

Table legend: (Time is in decaauts)
 A = Elapsed time spent in this place.
 B = Non-inter-level travel time spent in this place.
 C = Inter-level travel time spent in this place.
 D = Time resting spent in this place.
 E = Time spent auto-exploring this place.
 F = Levels seen in this place.
 G = Mean time per level.
                   A        B        C        D        E       F      G
               +--------+--------+--------+--------+--------+-----+--------+
         Total |   6100 |   6035 |     65 |    877 |   3841 |   8 |  762.5 |
       Dungeon |   5836 |   5771 |     65 |    877 |   3653 |   7 |  833.7 |
         Sewer |    263 |    263 |      0 |      0 |    188 |   1 |  263.0 |
               +--------+--------+--------+--------+--------+-----+--------+

Top non-repeatable levels by time:
     D:5: 1718 daAuts
     D:6: 1228 daAuts
     D:3: 891 daAuts
     D:1: 831 daAuts
     D:4: 777 daAuts
     D:2: 368 daAuts
   Sewer: 263 daAuts
     D:9: 20 daAuts
